[Event "SixDays Budapest GM-A May 2024"]
[Site "Budapest"]
[Date "2024.05.16"]
[Round "1.1"]
[White "Nagy, Gabor"]
[Black "Ramoutar, Alan-Safar"]
[Result "1-0"]
[ECO "D35"]
[WhiteElo "2433"]
[BlackElo "2360"]
[Annotator "TA"]
[PlyCount "69"]
[EventDate "2024.05.15"]
[EventType "tourn"]
[EventCountry "HUN"]
[SourceTitle "playchess.com"]
[Source "ChessBase"]
[SourceQuality "1"]
[TimeControl "40/5400+30:1800+30"]

1. c4 e6 2. Nc3 d5 3. d4 Nf6 4. cxd5 exd5 5. Bg5 c6 6. e3 h6 7. Bh4 Be7 8. Bd3 O-O 9. Nge2 Re8 10. O-O a5 11. Rc1 {[%emt 0:03:12] The position is equal.} Nbd7 12. Bg3 {[%emt 0:03:03][%cal Oc3b5] With the idea Nb5!} Bf8 13. Nf4 {[%emt 0:04:07] Prevents Nh5} g5 (13... Ne4 $11 {was preferrable.}) 14. Nfe2 Ne4 15. Nxe4 dxe4 16. Bb1 Nf6 17. Nc3 Bg4 18. Qb3 Ra7 {[%emt 0:16:42] [#]} (18... Bb4 $1 $14) 19. Be5 $1 $16 Nd7 20. f3 (20. Nxe4 $6 Nxe5 21. dxe5 Rxe5 $16) ({Better is} 20. f4 $18) 20... Be6 (20... Nxe5 $16 21. fxg4 a4 22. Nxa4 b5) 21. Qc2 $18 Nxe5 22. dxe5 Bf5 {[%emt 0:03:30][%cal Of8c5] [#]} 23. f4 $1 (23. Nxe4 Rxe5 24. Rfd1 Bxe4 25. fxe4 Qe8 $15) (23. fxe4 Bg6 24. Ne2 Rxe5 $17) 23... gxf4 24. exf4 (24. Nxe4 Rxe5 25. Rxf4 Bg6 $11) 24... Bg7 25. Qf2 (25. Nxe4 Qd4+ 26. Qf2 Rd8 27. Qxd4 Rxd4) 25... Ra8 26. Bxe4 Bc8 27. Bb1 f5 28. Rfd1 Qe7 29. Ne2 Be6 30. Nd4 Rf8 31. Qg3 Rad8 32. Qg6 Bc8 (32... Rfe8 $142 33. Nxe6 (33. Nxf5 Bxf5 34. Bxf5 Rxd1+ 35. Rxd1 Kf8 $18) (33. Bxf5 Bf7 $18) 33... Rxd1+ 34. Rxd1 Qxe6 35. Qxe6+ (35. Bxf5 Qxg6 36. Bxg6 Re7 $18) (35. Qxf5 Qxf5 36. Bxf5 a4 $18) 35... Rxe6 36. Rd8+ (36. Bxf5 Re8 $18) 36... Bf8 37. Bxf5 Re7) 33. Bxf5 Rxd4 34. Qh7+ (34. Rxd4 Bxf5 35. Qd6 Qxd6 36. Rxd6 Rf7 $11) 34... Kf7 35. Rxd4 {[%emt 0:00:22] Weighted Error Value: White=0.08 (flawless) /Black=0.49.  Mistake:       	White=1     	Black=4      Inaccurate:     	---       	Black=1      OK:         	White=15    	Black=6      Best:        	White=2     	---} (35. Bg6+ $142 Ke6 36. Rxd4 Bxe5 37. Re1 (37. fxe5 Qxh7 38. Bxh7 Rh8 $18) 37... Qxh7 38. Rxe5+ (38. Bxh7 Kf7 $18) 38... Kf6 39. Rd6+ (39. Bxh7 Kg7 $18) 39... Kg7 40. Re7+ (40. Bxh7 Kxh7 41. Re7+ Kg8 $18) 40... Kh8 41. Bxh7 (41. Rxh7+ Kg8 $18)) 1-0

[Event "SixDays Budapest GM-A May 2024"]
[Site "Budapest"]
[Date "2024.05.16"]
[Round "1.2"]
[White "Sahib Singh"]
[Black "Berczes, David"]
[Result "1/2-1/2"]
[ECO "C88"]
[WhiteElo "2291"]
[BlackElo "2425"]
[Annotator "TA"]
[PlyCount "101"]
[EventDate "2024.05.15"]
[EventType "tourn"]
[EventCountry "HUN"]
[SourceTitle "playchess.com"]
[Source "ChessBase"]
[SourceQuality "1"]
[TimeControl "40/5400+30:1800+30"]

1. e4 e5 2. Nf3 Nc6 3. Bb5 a6 4. Ba4 Nf6 5. O-O Be7 6. Re1 b5 7. Bb3 O-O 8. c3 Na5 9. Bc2 d5 10. exd5 e4 11. Bxe4 {[%emt 0:12:24] White is slightly better.} Nxe4 12. Rxe4 Bb7 13. d3 {[%emt 0:04:35] Strongly threatening Qe2.} Bxd5 14. Re1 c5 15. Nbd2 Nc6 16. a4 Qd7 17. axb5 axb5 18. Rxa8 Rxa8 19. Qe2 Be6 20. Ne4 h6 21. Be3 Qd5 22. h3 Rd8 23. Nfd2 Qxd3 24. Qxd3 Rxd3 25. Nb1 Rd5 26. Nbd2 (26. c4 $11 bxc4 27. Nbc3) 26... Ne5 $1 $15 {[%emt 0:02:02] Hoping for ...Nd3.} 27. Nb3 {[%emt 0:00:46] [#]} (27. g4 $142) 27... Nd3 $1 $17 28. Rd1 Rd7 (28... Nxb2 $17 29. Rxd5 Bxd5 30. Nexc5 Na4) 29. Nc1 $1 $11 Nxb2 30. Rxd7 Bxd7 31. Nxc5 Bf5 32. N1b3 Na4 33. Bd4 $1 Bc2 34. Kf1 Nb2 35. Ke2 h5 36. Kd2 Bf5 37. f3 h4 38. Ke2 Na4 39. Kd2 Kh7 40. Nb7 Be6 41. Nc1 {[%emt 0:30:43] [#]} ({White should play} 41. N7a5 $15) 41... Bd5 (41... Bc8 $1 $17 42. Na5 Bg5+ 43. Kd1 Nb2+ 44. Kc2 Bxc1) 42. Na5 $15 Bd8 43. Nab3 Bc4 {[%emt 0:00:30] aiming for ...Bf1.} 44. Ke3 $1 Nb6 45. Nd2 Bg5+ {[%emt 0:00:27] This pair of bishops is nice.} 46. f4 Nd5+ 47. Kf3 (47. Ke4 $11 Nxf4 48. Nxc4 bxc4 49. Be3) 47... Bxf4 ({Better is} 47... Nxf4 $17 {Threatens to win with ...Bd5+.} 48. Nxc4 bxc4) 48. Nxc4 $11 {[%emt 0:00:04] The position is equal.} Bxc1 49. Nd6 b4 50. cxb4 ({Don't play} 50. Nxf7 b3 (50... bxc3 51. Ke4 $11) (50... Nxc3 51. Ne5 $17) 51. c4 Ne7 $19) 50... Nxb4 51. Nxf7 {[%emt 0:00:05] Weighted Error Value: White=0.14 (very precise) /Black=0.14 (very precise) .  Mistake:       	White=4     	Black=3      Inaccurate:     	White=2     	Black=1      OK:         	White=20    	Black=15     Best:        	White=1     	Black=1      Strong:       	White=3     	Black=2} 1/2-1/2

[Event "SixDays Budapest GM-A May 2024"]
[Site "Budapest"]
[Date "2024.05.16"]
[Round "1.3"]
[White "Sathvik Adiga"]
[Black "Tan, Jun Ying"]
[Result "0-1"]
[ECO "B62"]
[WhiteElo "2398"]
[BlackElo "2307"]
[Annotator "TA"]
[PlyCount "90"]
[EventDate "2024.05.15"]
[EventType "tourn"]
[EventCountry "HUN"]
[SourceTitle "playchess.com"]
[Source "ChessBase"]
[SourceQuality "1"]
[TimeControl "40/5400+30:1800+30"]

1. e4 c5 2. Nf3 d6 3. d4 cxd4 4. Nxd4 Nf6 5. Nc3 Nc6 6. Bg5 e6 7. Qd3 Bd7 8. O-O-O a6 9. f4 Be7 $1 {[%emt 0:00:16] The main line 9...Be7 scores better than 9...h6. B62: Sicilian: Richter-Rauzer: 6...e6: Unusual White 7th moves.} 10. Kb1 h6 11. Bh4 O-O 12. Be1 $146 ({Predecessor:} 12. Nf3 Qb6 13. e5 dxe5 14. fxe5 Nd5 15. Nxd5 exd5 16. Qxd5 Rad8 17. Bxe7 Nxe7 18. Qd2 Bc6 19. Bd3 Ng6 20. Rhe1 Rfe8 21. e6 {½-½ Bos,H (2434)-Vaclav,I (2459) ICCF GMN/028 email 2011}) 12... Qc7 13. Be2 Rac8 14. g4 (14. Nxc6 $15 Bxc6 15. Bf3) 14... Nxd4 $1 $17 15. Qxd4 e5 (15... Nxe4 $1 $17 {aiming for ...d5.} 16. h4 (16. Qxe4 $2 Bc6 $19) 16... d5) 16. Qd2 $11 Bc6 (16... Bxg4 $2 17. Bxg4 Nxg4 18. Rg1 $18) 17. Bf3 {[%emt 0:02:16] Black must now prevent g5.} exf4 18. h4 Nd7 19. Qxf4 (19. g5 $5) 19... b5 20. Rc1 ({Better is} 20. Qc1 $14) 20... Bf6 21. g5 Be5 22. Qd2 {[%emt 0:03:13] [#]} h5 $1 23. Bxh5 {[%emt 0:07:17] [#]} (23. Nd5 Bxd5) 23... Nb6 $1 {[%emt 0:00:17] Hoping for ...Nc4.} 24. Be2 {[%emt 0:01:03] [#]} (24. g6 $1 $15 fxg6 25. Bxg6) 24... b4 $1 $17 25. Nd1 Bxe4 26. Rf1 (26. Rh3 {was forced.}) 26... Nc4 $19 27. Bxc4 Qxc4 28. Ne3 $2 (28. Rf2) 28... Qe6 29. Ka1 a5 (29... Rc5 $142 {Strongly threatening ...Ra5.} 30. Qe2 a5) 30. Rg1 (30. Qe2 $142) 30... a4 {[%emt 0:01:23] Threatens to win with ...a3.} 31. Ng4 $2 (31. Bg3 a3 (31... b3 32. Bxe5 dxe5 33. cxb3 $19) 32. Bxe5 Qxe5 33. c4) 31... a3 32. c3 bxc3 33. bxc3 Rb8 {[%emt 0:00:30] ( -> ...Rb2)} 34. Nf6+ gxf6 35. gxf6+ Bg6 36. Rc2 {[%emt 0:00:08] Against Rb2} Rb2 (36... Bxf6 $142 37. h5 Rb2 38. Rxb2 axb2+ 39. Qxb2 Qe3) 37. Rxb2 axb2+ 38. Qxb2 Qf5 39. Rh1 Bxf6 (39... Qf3 $142 40. a3 Qxh1 41. Ka2 Qxe1 42. h5 Be4 (42... Qxc3 43. Qxc3 Bxc3 44. Kb3 Bxf6 45. Kc4 Rc8+ 46. Kd5 Bxh5 47. Ke4 Rc3 48. a4 Kf8 49. Kd5 Ke7 50. Ke4 d5+ 51. Kxd5 Bf3#) 43. h6 Bd5+ (43... Qxc3 44. h7+ Kxh7 45. Qxc3 Bxc3 46. Kb3 Rc8 47. a4 Rc5 48. a5 Bxf6 49. Ka4 Bd5 50. Ka3 Bc3 51. a6 Ra5#) 44. Qb3 Bxb3+ 45. Kxb3 Rb8+ (45... Bxf6 46. h7+ Kxh7 47. Kb4 Qb1+ 48. Kc4 Rc8+ 49. Kd5 Qd3#) 46. Ka4 Qe4+ 47. Ka5 Qa8#) 40. Bf2 Rc8 41. Bd4 Bxd4 42. cxd4 Qd5 (42... Rc2 $142 43. Rc1 Rxb2 44. Kxb2 Qb5+ 45. Ka3 Qd3+ 46. Kb4 Qd2+ (46... Qxd4+ $2 47. Kb3 $19) 47. Rc3 Bc2 (47... Qxa2 $2 48. Rb3 $19) (47... Qxd4+ $2 48. Kb3 $19) 48. a3 Qxd4+ 49. Rc4 Qb6+ 50. Kc3 Qb3+ 51. Kd2 Qxc4 52. Ke1 Qd3 (52... Qxh4+ {gets mated.} 53. Ke2 Qg3 54. Kd2 Ba4 55. Ke2 f5 56. Kd2 f4 57. Kc1 Qb3 58. Kd2 Qe3#) 53. Kf2 Bd1 (53... Qxa3 {leads to mate.} 54. h5 Bd1 55. h6 Qf3+ 56. Kg1 Kh7 57. Kh2 Qf2+ 58. Kh3 Qg1 59. Kh4 Qg4#) 54. Kg1 Qf3 (54... Qxa3 {is a self mate.} 55. Kh2 Qf3 56. Kg1 Ba4 57. h5 Qg3+ 58. Kh1 Bc6#) 55. Kh2 Qf2+ (55... Qxa3 56. h5 Bxh5 57. Kg2 Qf3+ 58. Kh2 Bg6 59. Kg1 Qg3+ 60. Kh1 Be4#) 56. Kh3 f5 57. h5 Bg4#) 43. Rh2 Re8 44. Qc3 Rb8 45. Rb2 Qh1+ 0-1

[Event "SixDays Budapest GM-A May 2024"]
[Site "Budapest"]
[Date "2024.05.16"]
[Round "1.4"]
[White "Wadsworth, Matthew J"]
[Black "Krastev, Alexander"]
[Result "1-0"]
[ECO "E16"]
[WhiteElo "2470"]
[BlackElo "2458"]
[Annotator "TA"]
[PlyCount "117"]
[EventDate "2024.05.15"]
[EventType "tourn"]
[EventCountry "HUN"]
[SourceTitle "playchess.com"]
[Source "ChessBase"]
[SourceQuality "1"]
[TimeControl "40/5400+30:1800+30"]

1. d4 Nf6 2. c4 e6 3. Nf3 b6 4. g3 Bb7 5. Bg2 Bb4+ 6. Bd2 a5 7. O-O O-O 8. Bg5 h6 {[%emt 0:01:54] E16: Queen's Indian: 4 g3 Bb7 5 Bg2 Bb4+.} 9. Bxf6 Qxf6 10. a3 Be7 11. Nc3 Rc8 $146 ({Predecessor:} 11... d6 12. Rc1 Nd7 13. e4 e5 14. Nd5 Bxd5 15. cxd5 Ra7 16. Bh3 Rd8 17. Bxd7 Rxd7 18. dxe5 dxe5 {1-0 Halkias,S (2506)-Hnydiuk,A (2361) Titled Tuesday intern op 18th Oct Early blitz 2022 (6)}) 12. e4 Bf8 13. e5 Qe7 14. Re1 Na6 15. Rb1 c6 16. Ne4 Nc7 17. h4 Ne8 18. c5 Ba6 19. Qc2 Nc7 20. Nh2 Rcb8 21. Ng4 Ne8 22. Nd6 a4 {[%emt 0:06:05] [#]} 23. Re3 (23. Qxa4 Bd3 $17 (23... Be2 24. Qxa8 Rxa8 $15)) (23. Re4 $1 $18 {is the precise move to win.}) 23... h5 (23... bxc5 $142 24. dxc5 h5) 24. Rf3 $1 $16 hxg4 (24... Nxd6 $16 {is a better defense.} 25. cxd6 Qe8) 25. Rxf7 $18 Qxf7 26. Nxf7 Kxf7 27. Qh7 (27. Qxa4 Bd3 (27... bxc5 28. dxc5 Kg8 29. Qd4 $18) 28. Qd1 Bxb1 29. Qxb1 Ke7 (29... bxc5 30. Qc1 $15) 30. cxb6 d5 (30... Rxb6 31. Be4 $17) 31. exd6+ Kd7 $11) 27... Ke7 (27... bxc5 {was worth a try.} 28. Qh5+ g6 29. Qh7+ (29. Qxg4 Bd3 $16) 29... Ng7) 28. Be4 bxc5 29. Bg6 ({Don't do} 29. dxc5 $6 Kd8 $14) ({White should play} 29. Qh5 $16 {Strongly threatening Qg5+.} cxd4 30. Qg5+ (30. Qxg4 Kd8 $15) 30... Nf6 31. Rd1 (31. exf6+ gxf6 32. Qxg4 f5 $18)) 29... cxd4 $11 30. Qg8 Nd6 $1 31. exd6+ Kxd6 32. Qf7 Bc4 (32... Be2 $11) 33. Qf4+ e5 34. Qxg4 Be7 {[%emt 0:01:06] [#]} (34... Kc7 $14) 35. Bf5 $1 $16 Bf6 36. Bxd7 Ra7 37. Rc1 Bd5 $2 (37... Rxd7 38. Rxc4 d3) 38. Rxc6+ $1 $18 Bxc6 (38... Ke7 $142) 39. Qe6+ $18 Kc7 40. Qxc6+ Kd8 41. Bf5 Rbb7 42. Qd6+ Rd7 43. Qf8+ Kc7 44. Bxd7 Kxd7 45. Qf7+ Be7 46. Qxg7 Ra6 47. Qxe5 Rd6 48. Qb5+ Ke6 49. Kf1 d3 50. Ke1 d2+ 51. Kd1 Rd4 52. h5 Bf6 53. h6 Kf7 54. Qh5+ Ke7 55. h7 Rd8 56. Qc5+ Kf7 57. Qc7+ Ke8 58. Qa5 Ke7 59. g4 1-0

[Event "SixDays Budapest GM-A May 2024"]
[Site "Budapest"]
[Date "2024.05.16"]
[Round "1.5"]
[White "Aczel, Gergely"]
[Black "Bai, Adelard"]
[Result "1-0"]
[ECO "E11"]
[WhiteElo "2493"]
[BlackElo "2376"]
[Annotator "TA"]
[PlyCount "125"]
[EventDate "2024.05.15"]
[EventType "tourn"]
[EventCountry "HUN"]
[SourceTitle "playchess.com"]
[Source "ChessBase"]
[SourceQuality "1"]
[TimeControl "40/5400+30:1800+30"]

1. d4 Nf6 2. c4 e6 3. Nf3 Bb4+ 4. Bd2 c5 5. Bxb4 cxb4 6. g3 b6 7. Bg2 Bb7 8. O-O O-O 9. a3 bxa3 10. Nxa3 d6 11. b4 Nbd7 12. Qb3 Qb8 13. Nc2 {[%emt 0:05:44] White is slightly better.} Rc8 14. Ne3 Be4 15. Rfc1 a5 16. Bh3 Bxf3 17. exf3 Qc7 18. f4 axb4 19. Rxa8 Rxa8 20. Qxb4 g6 21. Bg2 Rb8 22. Rd1 Kg7 23. h4 h5 24. Bf3 Rc8 25. Kg2 Re8 26. Qb5 Rc8 27. Qb2 {[%emt 0:01:33] White has more active pieces.} Kg8 28. Ra1 Rb8 29. Ra3 Re8 (29... b5 $142) 30. Qa1 $16 e5 $2 {[%emt 0:00:29][%mdl 8192] This costs Black the game.} (30... Rb8 $16 {might work better.}) 31. Ra7 $18 Qd8 32. f5 e4 33. Bd1 Nf8 34. Qa6 Re7 35. Rxe7 Qxe7 36. Qxb6 ({Weaker is} 36. fxg6 fxg6 37. Qxb6 Kg7 $18) 36... Kg7 37. Qb2 Qd7 $2 (37... Qa7 {was called for.} 38. Be2 N8d7) 38. fxg6 fxg6 39. c5 dxc5 40. dxc5 Qc6 (40... Ne6 $142 41. Qe5 Nd8) 41. Qb6 Qxb6 42. cxb6 {[%emt 0:00:03][%mdl 4096] Endgame. KBN-KNN} N6d7 43. b7 Ne6 44. Bb3 Nec5 45. Bd5 Kf6 46. Nc4 g5 47. hxg5+ Kxg5 48. Nd6 e3 49. fxe3 {[%emt 0:00:07] [#] And now Ne4+ would win.} h4 50. Ne4+ {[%emt 0:00:41] White mates.} Nxe4 51. Bxe4 hxg3 52. Kxg3 {[%emt 0:00:08] KB-KN} Nb8 53. Kf3 Nd7 54. Bd3 Kf6 55. Kf4 Ke7 56. Bb5 Nb8 57. e4 Kd6 58. e5+ Kc5 {[%emt 0:00:20] [#]} 59. e6 $1 Kd6 (59... Kxb5 60. e7) 60. Kf5 Ke7 61. Ke5 Kd8 62. Kd6 Nc6 63. Kxc6 {[%emt 0:00:17] Weighted Error Value: White=0.12 (very precise) /Black=0.37.  Loses game:     	---       	Black=1      Mistake:       	---       	Black=3      Inaccurate:     	White=2     	Black=4      OK:         	White=18    	Black=8      Best:        	White=2     	Black=1} 1-0

[Event "SixDays Budapest GM-A May 2024"]
[Site "Budapest"]
[Date "2024.05.17"]
[Round "2.1"]
[White "Ramoutar, Alan-Safar"]
[Black "Bai, Adelard"]
[Result "1-0"]
[ECO "C55"]
[WhiteElo "2360"]
[BlackElo "2376"]
[Annotator "TA"]
[PlyCount "49"]
[EventDate "2024.05.15"]
[EventType "tourn"]
[EventCountry "HUN"]
[SourceTitle "playchess.com"]
[Source "ChessBase"]
[SourceQuality "1"]
[TimeControl "40/5400+30:1800+30"]

1. e4 e5 2. Nf3 Nc6 3. Bc4 Nf6 4. d4 exd4 5. e5 d5 6. Bb5 Ne4 7. Nxd4 Bd7 8. Bxc6 bxc6 9. O-O Bc5 10. f3 Ng5 11. f4 Ne4 12. Be3 Qb8 13. Qd3 Qxb2 14. Nd2 Nxd2 {[%emt 0:01:41] Black has an edge.} 15. Qxd2 O-O 16. a3 {[%emt 0:03:15] [#] And now Rfb1 would win.} Qb6 (16... Bxa3 $2 17. Rfb1 $18 (17. f5 Bb4 $11)) 17. Qc3 {[%emt 0:00:53] Rab1 would now be deadly.} a5 18. Kh1 Bxd4 $2 {[%emt 0:10:24] This costs Black the game.} (18... Rfb8 $11) 19. Bxd4 $18 Qb5 {[%emt 0:01:17] [#] Black is weak on the dark squares} (19... c5 $142 20. Bxc5 (20. Qxc5 Qxc5 21. Bxc5 Rfb8 $15) 20... Qc6) 20. e6 $1 fxe6 21. Bxg7 Rf7 22. Be5 c5 $2 (22... h6 {was worth a try.} 23. Rf3 (23. Bxc7 c5 $16) 23... Qc4 24. Qxc4 (24. Bxc7 Qxc3 25. Rxc3 Be8 $16) (24. Rg3+ Kh7 $18) 24... dxc4) 23. Qh3 {[%emt 0:17:31][%cal Oh3h6] aiming for Qh6! White is clearly winning.} ({Not} 23. Bxc7 d4 24. Qd2 Rg7 $14) 23... Kf8 24. Rf3 Rb8 (24... Qe2 $142 25. Bxc7 Qe4 26. Bd6+ Ke8) 25. Rb3 {[%emt 0:02:27] Weighted Error Value: White=0.06 (flawless) /Black=0.49.  Loses game:     	---       	Black=1      Mistake:       	---       	Black=3      OK:         	White=7     	Black=5      Best:        	White=2     	Black=1} 1-0

[Event "SixDays Budapest GM-A May 2024"]
[Site "Budapest"]
[Date "2024.05.17"]
[Round "2.2"]
[White "Krastev, Alexander"]
[Black "Aczel, Gergely"]
[Result "1/2-1/2"]
[ECO "B10"]
[WhiteElo "2458"]
[BlackElo "2493"]
[Annotator "TA"]
[PlyCount "112"]
[EventDate "2024.05.15"]
[EventType "tourn"]
[EventCountry "HUN"]
[SourceTitle "playchess.com"]
[Source "ChessBase"]
[SourceQuality "1"]
[TimeControl "40/5400+30:1800+30"]

1. e4 c6 2. Nf3 d5 3. d3 dxe4 4. dxe4 Qxd1+ 5. Kxd1 Nf6 6. Nfd2 g6 7. f3 Bh6 8. Nb3 {[%emt 0:05:19] White has an edge.} Bxc1 9. Kxc1 Nbd7 10. a4 g5 11. N1d2 Ne5 12. h4 gxh4 13. Rxh4 h5 14. Nc4 Ng6 15. Rh2 Be6 16. Kd2 (16. Nc5 {simplifies} Bxc4 17. Bxc4 Ne5 18. b3) 16... O-O-O+ 17. Ke3 Kc7 18. Nc5 h4 19. b3 Rh5 20. Nxe6+ fxe6 21. Nb2 Rg5 22. Rd1 Rg3 23. Kf2 Rg8 24. Nd3 e5 25. Nc5 Nf4 $1 26. Rxh4 Nxg2 {[%emt 0:02:34] Excellent horsemanship.} 27. Ne6+ Kb6 $1 28. Rh1 Nf4 29. Nxf4 exf4 30. Rh4 e5 31. Rh6 R3g6 32. Rxg6 Rxg6 $11 {[%emt 0:00:01][%mdl 4096] Endgame. KRB-KRN} 33. Rd8 Kc5 34. c3 a5 35. Rb8 Rg7 36. Rf8 Nd7 37. Rh8 Re7 38. Bh3 Kd6 39. Rd8 {[%emt 0:00:39] And now Kg2 would win.} b5 {[%emt 0:00:28] [#]} (39... Kc7 $11 {keeps the balance.} 40. Rxd7+ Rxd7 41. Bxd7 Kxd7) 40. axb5 $1 $16 {[%emt 0:00:30] White is more active.} cxb5 {[%emt 0:00:01] [#]} 41. Ra8 (41. b4 $1 $16 a4 42. Bf1) 41... Nc5 $11 42. Rxa5 Rh7 43. Kg2 {[%emt 0:00:19] Threatens to win with b4.} Kc6 44. b4 Rg7+ 45. Kh2 Nb3 46. Ra6+ Kb7 47. Rd6 {[%emt 0:00:15] Hoping for Rd5.} Rc7 $1 48. Rd7 Nc1 49. Rxc7+ Kxc7 {[%emt 0:00:01] KB-KN} 50. Bf1 Kb6 (50... Kc6 $11 {remains equal.}) 51. c4 (51. Kh3 $16) 51... Na2 {[%emt 0:00:04] The position is equal.} 52. cxb5 Nxb4 53. Kh3 Nc2 54. Kh4 Nd4 55. Kg4 Kc5 56. Bd3 Kb6 {[%emt 0:00:47] Weighted Error Value: White=0.09 (flawless) /Black=0.13 (very precise) .  Mistake:       	White=2     	Black=2      Inaccurate:     	White=1     	Black=1      OK:         	White=19    	Black=20     Best:        	---       	Black=4      Strong:       	White=1     	Black=3} 1/2-1/2

[Event "SixDays Budapest GM-A May 2024"]
[Site "Budapest"]
[Date "2024.05.17"]
[Round "2.3"]
[White "Tan, Jun Ying"]
[Black "Wadsworth, Matthew J"]
[Result "1-0"]
[ECO "E46"]
[WhiteElo "2307"]
[BlackElo "2470"]
[Annotator "TA"]
[PlyCount "119"]
[EventDate "2024.05.15"]
[EventType "tourn"]
[EventCountry "HUN"]
[SourceTitle "playchess.com"]
[Source "ChessBase"]
[SourceQuality "1"]
[TimeControl "40/5400+30:1800+30"]

1. d4 {[%emt 0:00:06] Prathamesh,Sunil Mokal} Nf6 2. c4 e6 3. Nc3 Bb4 4. e3 O-O 5. Nge2 d5 6. a3 Bd6 7. Ng3 c5 8. dxc5 Bxc5 9. b4 Be7 {[%emt 0:00:46] E46: Nimzo-Indian: Rubinstein: 4 e3 0-0 5 Ne2 without early Bd3.} 10. cxd5 $1 {[%emt 0:00:11][%mdl 4] is recently more successful than 10.Bb2.} a5 11. b5 exd5 12. Bd3 Bg4 $146 ({Predecessor:} 12... Re8 13. O-O Nbd7 14. Bb2 Nc5 15. Nce2 Be6 16. Nf4 Bf8 17. Bc2 Rc8 18. Rc1 g6 {1-0 Gupta,A (2613)-Lalith,B (2553) Al Ain op 4th 2015 (7)}) 13. Nce2 Nbd7 14. h3 Be6 15. Nf5 Bxf5 16. Bxf5 a4 17. O-O Ne5 18. Bc2 Nc4 19. Bxa4 Qa5 20. Bb3 Qxb5 21. a4 Qa5 22. Rb1 Rfd8 23. Bc2 Qa6 24. Nc3 Rac8 25. Nb5 Ne4 26. Bd3 Bf6 27. Re1 g6 28. Re2 h5 29. Ra2 Bh4 30. g3 Bf6 31. h4 Qe6 32. Rc2 {[%emt 0:07:28] [#]} Be5 (32... Ne5 $1 $17 {...Rxc2 would now be deadly.} 33. Nd4 Qe7) 33. Qe2 Nb6 34. Nd4 Qf6 (34... Bxd4 {simplifies} 35. exd4 Rxc2 36. Bxc2 Qc6) 35. a5 $2 {[%emt 0:00:09][%mdl 8192] [#]} (35. Bxe4 $14 {stays ahead.} dxe4 36. a5) 35... Na4 $2 (35... Nc3 $2 36. Rxc3 Rxc3 37. axb6 $18) (35... Rxc2 $1 $19 36. Qxc2 (36. Bxc2 $2 Nc3 $19) 36... Rc8 37. Bxe4 Rxc2 38. Nxc2 dxe4 39. Rxb6 Qf3) 36. Rxb7 Nac3 (36... Rxc2 $16 37. Qxc2 (37. Bxc2 Rc8 $16) 37... Nac5) 37. Qf1 Bxd4 38. exd4 Qxd4 39. Be3 Qa4 40. Bb6 Re8 41. Rc7 (41. a6 $18) 41... Rxc7 $16 42. Bxc7 Qd4 (42... d4 $16) 43. Bb6 Qb4 44. Qc1 Na4 $2 (44... d4 $16 45. Kh2 Nf6) 45. Rc8 $18 Rxc8 46. Qxc8+ Kg7 47. Bxe4 Qxe4 $2 (47... Nxb6 {is a better chance.} 48. axb6 dxe4) 48. Qc6 $2 (48. Ba7 $18) 48... Kg8 $2 (48... Nxb6 $14 49. axb6 (49. Qxb6 d4 $11) 49... Qb1+ 50. Kg2 d4) 49. Be3 Qb4 50. a6 d4 51. a7 (51. Qe8+ $142 Kg7 52. Qe5+ f6 53. Qc7+ (53. Qxd4 Qb3 $18) 53... Kf8 54. a7 (54. Qd8+ Kf7 $18) 54... Qb1+ 55. Kh2 Qe4 56. Bxd4) 51... Nb6 $18 52. a8=Q+ ({Not} 52. a8=B dxe3 53. Qe8+ Kg7 54. fxe3 Qe1+ 55. Kg2 Nc4 $17) 52... Nxa8 53. Qxa8+ Kh7 54. Bg5 Qe1+ 55. Kg2 Qe5 56. Qf3 Kg7 57. Qf4 Qd5+ 58. Kh2 (58. Kg1 $142 Qe6 59. Qxd4+ f6 60. Qa7+ Kf8 61. Bh6+ Ke8 62. Qe3) 58... Kh7 59. Bf6 d3 60. Qb8 1-0

[Event "SixDays Budapest GM-A May 2024"]
[Site "Budapest"]
[Date "2024.05.17"]
[Round "2.4"]
[White "Berczes, David"]
[Black "Sathvik Adiga"]
[Result "1/2-1/2"]
[ECO "D26"]
[WhiteElo "2425"]
[BlackElo "2398"]
[Annotator "RC"]
[PlyCount "115"]
[EventDate "2024.05.15"]
[EventType "tourn"]
[EventCountry "HUN"]
[SourceTitle "playchess.com"]
[Source "ChessBase"]
[SourceQuality "1"]
[TimeControl "40/5400+30:1800+30"]

1. d4 d5 2. Nf3 Nf6 3. c4 dxc4 4. e3 e6 5. Bxc4 c5 6. O-O Nc6 7. a3 a6 8. dxc5 Qxd1 9. Rxd1 Bxc5 10. b4 Be7 11. Bb2 O-O 12. Nbd2 b5 13. Be2 Bb7 14. Nb3 Rad8 15. Nfd4 Rc8 16. Rac1 Rfd8 17. Nxc6 Rxd1+ 18. Bxd1 Rxc6 19. Bc2 Rc8 20. Na5 Be4 21. Bxe4 Rxc1+ 22. Bxc1 Nxe4 23. Nc6 Bd6 24. f3 Nc3 25. Bb2 Nb1 26. Bc1 Kf8 27. g3 Ke8 28. Kf1 Kd7 29. Na5 f6 30. Ke2 Nc3+ 31. Kd3 Nd5 32. e4 Ne7 33. f4 Nc6 34. Nb3 Nd8 35. Be3 Nb7 36. Bd4 Kc6 37. Bc3 h5 38. f5 exf5 39. Nd4+ Kd7 40. Nxf5 Bf8 41. Ne3 Bd6 42. Nf5 Bf8 43. Ne3 Ke6 44. Nd5 Bd6 45. Nf4+ Bxf4 46. gxf4 g6 47. Kd4 Nd6 48. Be1 Nb7 49. Bh4 Nd6 50. Be1 Nb7 51. Bg3 Nd6 52. f5+ gxf5 53. Bxd6 Kxd6 54. exf5 Kc6 55. Ke4 Kd6 56. h3 Kc6 57. Kd4 Kd6 58. Ke4 1/2-1/2

[Event "SixDays Budapest GM-A May 2024"]
[Site "Budapest"]
[Date "2024.05.17"]
[Round "2.5"]
[White "Nagy, Gabor"]
[Black "Sahib Singh"]
[Result "1-0"]
[ECO "D12"]
[WhiteElo "2433"]
[BlackElo "2291"]
[Annotator "RC"]
[PlyCount "137"]
[EventDate "2024.05.15"]
[EventType "tourn"]
[EventCountry "HUN"]
[SourceTitle "playchess.com"]
[Source "ChessBase"]
[SourceQuality "1"]
[TimeControl "40/5400+30:1800+30"]

1. d4 d5 2. c4 c6 3. Nf3 Nf6 4. e3 Bf5 5. Nc3 e6 6. Nh4 Bg4 7. Qb3 Qb6 8. h3 Bh5 9. g4 Bg6 10. Nxg6 hxg6 11. g5 Qxb3 12. axb3 Ne4 13. Nxe4 dxe4 14. Rg1 Rh4 15. c5 Nd7 16. b4 b5 17. Rg4 Rxg4 18. hxg4 f5 19. gxf6 gxf6 20. Bg2 f5 21. gxf5 gxf5 22. f3 Nf6 23. fxe4 Nxe4 24. Ke2 Kd7 25. Bd2 Nxd2 26. Kxd2 a6 27. Rh1 Re8 28. Rh8 Rc8 29. Kd3 Re8 30. Bf3 Rc8 31. Ke2 Re8 32. Kf2 Rc8 33. b3 Re8 34. Kg2 Rc8 35. Rh7+ Kd8 36. Ra7 Bh6 37. Kf2 Bg5 38. Rxa6 Kd7 39. Ra7+ Rc7 40. Ra8 Bd8 41. Ke2 Ke7 42. Bg2 Kd7 43. Kd3 Ke7 44. Bh1 Kd7 45. Bf3 Bh4 46. Ke2 Bd8 47. Bh5 Bf6 48. Rf8 Bg7 49. Rg8 Bf6 50. Rg6 Ke7 51. Bf3 Rc8 52. Rh6 Bg7 53. Rh7 Kf8 54. Kd3 Kg8 55. Rh2 f4 56. Bg4 Rd8 57. Bxe6+ Kf8 58. d5 fxe3 59. d6 Re8 60. Bd7 e2 61. Rf2+ Bf6 62. Rxe2 Rxe2 63. Kxe2 Bc3 64. Kd3 Bxb4 65. Kd4 Kf7 66. Bxc6 Ke6 67. Bxb5 Ba3 68. Bc4+ Kd7 69. Ke4 1-0